 Dungeon Crawl Stone Soup version 0.31-a0-986-g5e6e4ef867 (webtiles) character file.

Game seed: 3755466027750136057

133 Flat the Ruffian (level 4, -1/37 HPs)
             Began as a Draconian Shapeshifter on Nov 20, 2023.
             Was an Initiate of Okawaru.
             Slain by Crazy Yiuf
             ... wielding a +2 quarterstaff of chaos
              (5 damage)
             ... on level 4 of the Dungeon.
             The game lasted 00:08:22 (2262 turns).

Flat the Ruffian (Draconian Shapeshifter)           Turns: 2262, Time: 00:08:22

Health: -1/37      AC:  5    Str: 19    XL:     4   Next: 93%
Magic:  4/4        EV: 17    Int: 10    God:    Okawaru [......]
Gold:   212        SH:  0    Dex: 10    Spells: 2/3 levels left

rFire   + .          .
                       - Unarmed
rCold   . . .        (no shield)
rNeg    . . .        (body armour unavailable)
rPois   .            (helmet currently unavailable)
rElec   .            (cloak currently unavailable)
rCorr   .            (gloves currently unavailable)
SInv    .            (boots currently unavailable)
Will    .....        (no amulet)
Stlth   +            q - ring of protection from fire
HPRegen 0.26/turn    (no ring)
MPRegen 0.09/turn

%: no passive effects
@: agile, beast-form, invisible
A: beast (slay +2), AC +5, unfitting armour, cold-blooded
a: Begin Untransformation, Renounce Religion


You were on level 4 of the Dungeon.
You worshipped Okawaru.
Okawaru was noncommittal.
You were a hulking beast.
You visited 1 branch of the dungeon, and saw 4 of its levels.

You collected 212 gold pieces.

Inventory:

Armour
 i - a +0 pair of boots
 k - an orb of guile
Magical Staves
 e - a staff of air
 p - a staff of fire
Jewellery
 q - a ring of protection from fire (left hand)
Talismans
 b - a beast talisman
 c - a flux talisman
 r - a blade talisman
Wands
 j - a wand of digging (12)
 v - a wand of light (12)
Scrolls
 d - a scroll of blinking {unknown}
 m - a scroll of fear {unknown}
 n - a scroll of teleportation {unknown}
 s - a scroll of amnesia {unknown}
 w - a scroll of vulnerability {unknown}
Potions
 a - 4 potions of lignification
 g - 2 potions of ambrosia
 h - a potion of enlightenment
 o - 2 potions of cancellation
 u - a potion of curing {unknown}


   Skills:
 * Level 2.3 Fighting
 + Level 1.9 Dodging
 * Level 4.2 Unarmed Combat
 + Level 0.3 Spellcasting
 + Level 1.0 Transmutations
 + Level 0.4 Poison Magic
 * Level 0.3 Invocations
 * Level 3.6 Shapeshifting


You had 2 spell levels left.
You knew the following spells:

 Your Spells              Type           Power      Damage    Failure   Level
a - Sting                 Tmut/Pois      4%         1d3       28%         1

Your spell library contained the following spells:

 Spells                   Type           Power      Damage    Failure   Level
 Poisonous Vapours        Pois/Air       0%         N/A       45%         2
 Olgreb's Toxic Radiance  Pois           1%         N/A       97%         4


Dungeon Overview and Level Annotations

Branches:
Dungeon (4/15)
 Temple: D:4-7

Altars:
Okawaru

Annotations:
D:4 Crazy Yiuf


Innate Abilities, Weirdness & Mutations

You are a hulking beast.
Your limbs bulge with bestial killing power. (Slay +2)
Your plain brown scales are hard. (AC +5)
You cannot fit into any form of body armour.
You are cold-blooded and may be slowed by cold attacks.


Message History

Crazy Yiuf yells, "Castle!
Fluff shrimp broken."
Crazy Yiuf hits you with a +2 quarterstaff of chaos!
Crazy Yiuf freezes you.
You hit Crazy Yiuf. You tail-slap Crazy Yiuf.
Crazy Yiuf is moderately wounded.
Crazy Yiuf hits you with a +2 quarterstaff of chaos!
Crazy Yiuf draws strength from your wounds!
You closely miss Crazy Yiuf.
Crazy Yiuf is moderately wounded.
Crazy Yiuf closely misses you.
You completely miss Crazy Yiuf.
Crazy Yiuf is lightly wounded.
Crazy Yiuf yells, "Whiteboard!"
Crazy Yiuf hits you with a +2 quarterstaff of chaos!
Crazy Yiuf draws strength from your wounds!
You barely miss Crazy Yiuf. Crazy Yiuf closely misses you.
You hit Crazy Yiuf.
Crazy Yiuf is lightly wounded.
Crazy Yiuf hits you but does no damage.
You hit Crazy Yiuf.
Crazy Yiuf is heavily wounded.
Crazy Yiuf hits you with a +2 quarterstaff of chaos!
* * * LOW HITPOINT WARNING * * *
You feel agile all of a sudden.
Unknown command.
You fade into invisibility!
Crazy Yiuf looks more healthy.
Crazy Yiuf barely misses you.
You barely miss Crazy Yiuf.
Crazy Yiuf is heavily wounded.
Crazy Yiuf barely misses you.
You hit Crazy Yiuf but do no damage.
Crazy Yiuf is heavily wounded.
Crazy Yiuf completely misses you.
You barely miss Crazy Yiuf.
Crazy Yiuf is heavily wounded.
Crazy Yiuf misses you.
You hit Crazy Yiuf but do no damage.
Crazy Yiuf is heavily wounded.
Crazy Yiuf hits you with a +2 quarterstaff of chaos.
You die...

.....#..........#.#
#.#.#
.....#..........#.#
...##.#.#
..................#
...##.#.#
......#############
#..##.#.. ......#
#..##.### ......#
♣♣♣♣♣##..##.# ##....#
### ♣♣♣!♣......##.#
##..#.####
#...#♣..♣.......##.###
..>......#
#...gh♣♣♣♣......##....
##.##.#### #)..#♣♣
♣♣.....###### #.# ##
### ♣♣##(....... #..
######.#. #### #.#.
#.#. #.#. #.#. ....


You could see Crazy Yiuf (unable to see you).

Vanquished Creatures
  A jelly (D:4)
  An orc wizard (D:3)
  2 adders
  3 worms (D:2)
  2 orcs (D:3)
  7 ball pythons
  3 endoplasms
  2 giant cockroaches (D:2)
  7 hobgoblins
  3 quokkas
  4 bats
  4 frilled lizards
  5 goblins
  4 kobolds
  5 rats
53 creatures vanquished.

Notes
Turn   | Place    | Note
-------+----------+-------------------------------------------
     0 | D:1      | Flat the Draconian Shapeshifter began the quest for the
                  | Orb.
     0 | D:1      | Reached XP level 1. HP: 16/16 MP: 1/1
   306 | D:1      | Reached XP level 2. HP: 21/23 MP: 2/2
  1013 | D:2      | Found a faded altar of an unknown god.
  1025 | D:2      | Reached XP level 3. HP: 28/28 MP: 3/3
  1167 | D:2      | Learned a level 1 spell: Sting
  1803 | D:3      | Reached XP level 4. HP: 36/36 MP: 2/4
  1806 | D:3      | Reached skill level 4 in Unarmed Combat
  1915 | D:3      | Found an iron altar of Okawaru.
  1921 | D:3      | Became a worshipper of Warmaster Okawaru
  2064 | D:4      | Reached skill level 1 in Transmutations
  2239 | D:4      | Found a runed translucent door.
  2246 | D:4      | Noticed Crazy Yiuf
  2262 | D:4      | Slain by Crazy Yiuf

Illustrated notes

Levels and vault maps discovered:
D:1:      dreamdust_arrival_sigmund_warning, layout_loops_cross,
          minmay_statues_item
D:2:      layout_rooms, dreamdust_ecumenical_altar_angels_and_demons
D:3:      layout_rooms, okawaru_ov_weapons_minmay
D:4:      layout_basic, uniq_crazy_yiuf_cottage

Skill      XL: |  1  2  3  4 |
---------------+-------------+-----
Fighting       | 2 |  2.3
Unarmed Combat | 4 |  4.2
Transmutations | 1 |  1.0
Dodging        | |  1.9
Spellcasting   | |  0.3
Poison Magic   | |  0.4
Invocations    | |  0.3
Shapeshifting  | |  3.6

Action                     |  1- 3 |  4- 6 || total
---------------------------+-------+-------++-------
  Melee: Unarmed           |   104 |    31 ||   135
         Tailslap          |     8 |     2 ||    10
         Punch             |     1 |       ||     1
   Cast: Sting             |    10 |    13 ||    23
  Evoke: Wand              |     1 |       ||     1
    Use: Scroll            |       |     5 ||     5
         Potion            |       |     1 ||     1
 Armour: Skin              |    50 |    13 ||    63
  Dodge: Dodged            |    34 |    17 ||    51

Table legend: (Time is in decaauts)
 A = Elapsed time spent in this place.
 B = Non-inter-level travel time spent in this place.
 C = Inter-level travel time spent in this place.
 D = Time resting spent in this place.
 E = Time spent auto-exploring this place.
 F = Levels seen in this place.
 G = Mean time per level.
                   A        B        C        D        E       F      G
               +--------+--------+--------+--------+--------+-----+--------+
         Total |   2252 |   2169 |     83 |      0 |   1757 |   4 |  563.0 |
       Dungeon |   2252 |   2169 |     83 |      0 |   1757 |   4 |  563.0 |
               +--------+--------+--------+--------+--------+-----+--------+

Top non-repeatable levels by time:
     D:1: 799 daAuts
     D:3: 609 daAuts
     D:2: 598 daAuts
     D:4: 245 daAuts
